 Dungeon Crawl Stone Soup version 0.21.1-1-g345015f (webtiles) character file.

6759 Monsterracer the Cleaver (level 10, -8/92 HPs)
             Began as a Deep Dwarf Fighter on June 3, 2018.
             Was a Believer of Makhleb.
             Shot with an arrow by a centaur warrior (17 damage)
             ... on level 11 of the Dungeon.
             The game lasted 00:05:53 (4849 turns).

Monsterracer the Cleaver (Deep Dwarf Fighter)       Turns: 4849, Time: 00:05:54

Health: -8/92      AC: 16    Str: 24    XL:     10   Next: 75%
Magic:  9/9        EV:  6    Int:  8    God:    Makhleb [**....]
Gold:   311        SH: 17    Dex: 12    Spells: 9/9 levels left

rFire    . . .     SeeInvis .   a - +0 war axe
rCold    . . .     Gourm    .   g - +0 large shield
rNeg     . . .     Faith    .   v - +0 plate armour
rPois    .         Spirit   .   (no helmet)
rElec    .         Reflect  .   d - +2 cloak
rCorr    .         Harm     .   (no gloves)
MR       ++...                  (no boots)
Stlth    ..........             e - amulet of magic regeneration
HPRegen  0.00/turn              n - ring of protection from magic
MPRegen  0.36/turn              (no ring)

@: non-regenerating
A: damage resistance, heal wounds, sense surroundings 2, no regeneration
a: Heal Wounds, Minor Destruction, Renounce Religion


You were on level 11 of the Dungeon.
You worshipped Makhleb.
Makhleb was pleased with you.
You were near starving.

You visited 2 branches of the dungeon, and saw 12 of its levels.
You also visited: Sewer.

You collected 401 gold pieces.
You spent 90 gold pieces at shops.

Inventory:

Hand Weapons
 a - a +0 war axe (weapon)
 b - a +2 trident of protection
Armour
 d - a +2 cloak (worn)
 g - a +0 large shield (worn)
 v - a +0 plate armour (worn)
Jewellery
 e - an amulet of magic regeneration (around neck)
 n - a ring of protection from magic (left hand)
 r - an uncursed ring of positive energy {unknown}
Scrolls
 j - 4 scrolls of teleportation
 q - 4 scrolls of remove curse
 s - a scroll of blinking
Potions
 h - 2 potions of brilliance {unknown}
 i - 2 potions of might
 k - 5 potions of flight
 l - 3 potions of heal wounds
 m - 2 potions of curing
 o - a potion of magic {unknown}
 t - 2 potions of ambrosia {unknown}
 u - a potion of invisibility {unknown}
 w - a potion of mutation {unknown}
Comestibles
 c - 10 rations


   Skills:
 + Level 6.5 Fighting
 * Level 10.3 Axes
 + Level 8.0 Armour
 - Level 6.1 Dodging
 + Level 8.0 Shields
 + Level 6.5 Invocations


You had 9 spell levels left.
You didn't know any spells.

Dungeon Overview and Level Annotations

Branches:
Dungeon (11/15)            Temple (1/1) D:5
   Lair: D:8-11         Orc: D:9-12

Altars:
Ashenzari
Cheibriados
Dithmenos
Fedhas
Gozag
Kikubaaqudgha
Makhleb
Okawaru
Qazlal
Sif Muna
Trog
Wu Jian
Xom
Yredelemnul
Zin
The Shining One

Shops:
D:5 (


Innate Abilities, Weirdness & Mutations

You are resistant to damage.
You can heal yourself by infusing magical energy.
You passively map the area around you.
You do not regenerate.


Message History

A troll and a skeleton come into view.
You regained 27 hp, and now have 31/91 hp.
The troll shouts!
You hit the death knight but do no damage.
The death knight is severely wounded.
You slash the cyan ugly thing!
You hear a roar!
You block the tengu conjurer's attack.
The troll moves out of view.
The cyan ugly thing headbutts you but does no damage.
You block the death knight's attack.
You slice the cyan ugly thing!!
The cyan ugly thing is almost dead.
You hit the death knight but do no damage.
The tengu conjurer barely misses you. The cyan ugly thing closely misses you.
You hit the death knight.
The death knight is severely wounded.
You closely miss the cyan ugly thing.
The death knight reflects your damage back at you!
The death knight hits you but does no damage.
You block the cyan ugly thing's attack. You block the tengu conjurer's attack.
An orc wizard comes into view. It is wielding a dagger.
You slash the death knight!
The death knight is almost dead.
You slash the cyan ugly thing!
You kill the cyan ugly thing!
Makhleb accepts your kill.
You feel better.
Your Axes skill increases to level 10!
Your Invocations skill increases to level 6!
The death knight reflects your damage back at you!
You block the vampire mosquito's attack.
You block the death knight's attack. The vampire mosquito bites you.
The vampire mosquito draws strength from your injuries!
An acid dragon comes into view.
You regained 13 hp, and now have 44/92 hp.
You closely miss the death knight.
The death knight is almost dead.
You miss the vampire mosquito.
The acid dragon roars!
You hear a loud, deep croak!
You block the vampire mosquito's attack.
The death knight calls down the wrath of Yredelemnul upon you.
You resist with almost no effort.
You block the vampire mosquito's attack.
A shadow imp comes into view.
You slash the death knight!
You kill the death knight!
Makhleb accepts your kill.
You feel better.
Your Armour skill increases to level 8!
Your Shields skill increases to level 8!
You closely miss the vampire mosquito.
Your damage is reflected back at you!
The vampire mosquito bites you but does no damage.
You block the vampire mosquito's attack.
You block the five-headed hydra's attack.
The five-headed hydra bites you but does no damage. x2
The five-headed hydra bites you!
You block the five-headed hydra's attack.
A shadow comes into view.
You regained 9 hp, and now have 53/92 hp.
You block the vampire mosquito's attack. x2
The shadow moves out of view.
Things that are here:
a +0 troll leather armour; 15 gold pieces; a troll corpse The centaur warrior unwields an uncursed longbow.
You block the centaur warrior's attack. The centaur warrior hits you.
The shadow slips into darkness.
The shadow flickers and vanishes!
Deactivating autopickup; reactivate with Ctrl-A.
You slash the centaur warrior!
The centaur warrior is moderately wounded.
You hit the vampire mosquito. The vampire mosquito barely misses you.
You block the vampire mosquito's attack.
You block the centaur warrior's attack.
The crimson imp shouts, "Back with thee, thou obnoxious grit-sucking codpiece!"
The vampire mosquito bites you but does no damage.
You slash the centaur warrior!
The centaur warrior is severely wounded.
You hit the vampire mosquito.
The centaur warrior hits you but does no damage.
You block the centaur warrior's attack.
You slash the centaur warrior!
The centaur warrior is almost dead.
You hit the cyan ugly thing.
You feel a little less mighty now. You block the centaur warrior's attack.
The cyan ugly thing punches you! The cyan ugly thing shocks you!
The centaur warrior hits you but does no damage.
You take 21 damage, and have 32/92 hp.
MASSIVE DAMAGE!!
You closely miss the cyan ugly thing.
The cyan ugly thing is lightly wounded.
You hit the centaur warrior. The centaur warrior hits you.
The cyan ugly thing punches you!
* * * LOW HITPOINT WARNING * * *
The cyan ugly thing shocks you!
* * * LOW HITPOINT WARNING * * *
You take 23 damage, and have 9/92 hp.
MASSIVE DAMAGE!!
You block the centaur warrior's attack.
The centaur warrior wields an uncursed longbow.
The centaur warrior shoots an arrow.
The arrow hits you!!
You die...

* ,,*#$ #..# , *
.. #..# , ,.##..#
* * *.#..# , *
#...# * ##
####.#..# ,,
#..##?oa##..#
,....$#5D#..######
* #.$oTO$#.@.....#
, , *
#.#5#D#c.#####.# ,
,* #.Z.Zyu#.# #.#
, .....$#QC#.# #.#
..#.. ##.#.# #.#
*, , ..#
*..#.#####.### .#
, #...#.......# ,
, #.#.#.###.#.# *
..#.#.# #.#.#


You could see a cyan ugly thing, a centaur warrior, a tengu conjurer, a vampire
mosquito and a centaur warrior skeleton.

Vanquished Creatures
  A death knight (D:11)
  A tengu warrior (D:11)
  An ugly thing (D:11)
  The ghost of diana the Cleaver, a novice MiAK of Lugonu (D:4)
  3 trolls
  3 hippogriffs
  A wraith (D:9)
  A hungry ghost (D:10)
  A steam dragon (D:9)
  A black bear (D:10)
  A phantom (D:6)
  A sky beast (D:9)
  3 orc warriors
  5 ogres
  A necrophage (D:9)
  3 centaurs
  A big kobold (Sewer)
  A bullfrog (D:8)
  A scorpion (D:8)
  A water moccasin skeleton (D:10)
  A troll zombie (D:9)
  5 wights (D:9)
  2 crimson imps
  2 jellies
  A quasit (D:5)
  3 bullfrog skeletons (D:10)
  6 orc priests
  4 hounds
  3 human zombies (D:9)
  Crazy Yiuf (D:4)
  A centaur skeleton (D:8)
  4 iguanas
  A human skeleton (D:9)
  Natasha (thrice) (D:4)
  10 worker ants
  3 orc wizards
  3 mummies (D:9)
  3 gnolls (D:9)
  6 adders
  2 howler monkey skeletons (D:10)
  2 river rats
  An adder zombie (D:8)
  An adder skeleton (D:8)
  2 worms
  2 leopard geckos
  22 orcs
  A ball python (D:3)
  2 giant cockroaches
  3 goblins
  2 hobgoblins (D:1)
  6 jackals
  3 kobolds
  3 quokkas
  A bat (D:2)
  A frilled lizard (D:5)
  8 rats
156 creatures vanquished.

Vanquished Creatures (others)
  A killer bee (D:11)
  An orc (D:10)
2 creatures vanquished.

Grand Total: 158 creatures vanquished

Notes
Turn   | Place    | Note
-------+----------+-------------------------------------------
     0 | D:1      | Monsterracer the Deep Dwarf Fighter began the quest for the Orb.
     0 | D:1      | Reached XP level 1. HP: 20/20 MP: 1/1
    77 | D:1      | Reached XP level 2. HP: 24/27 MP: 2/2
   326 | D:3      | Found a glowing drain.
   341 | D:3      | Reached skill level 1 in Dodging
   341 | D:3      | Reached XP level 3. HP: 23/33 MP: 3/3
   344 | D:3      | Reached skill level 3 in Axes
   358 | Sewer    | Entered a sewer
   412 | Sewer    | Noticed a big kobold
   432 | Sewer    | Killed a big kobold
   432 | Sewer    | Reached XP level 4. HP: 12/42 MP: 4/4
   450 | Sewer    | Found a glowing silver altar of Zin.
   515 | D:4      | Noticed Natasha
   515 | D:4      | Noticed diana's ghost (novice MiAK)
   527 | D:4      | Killed diana's ghost
   527 | D:4      | Reached skill level 4 in Axes
   527 | D:4      | Reached XP level 5. HP: 12/50 MP: 5/5
   527 | D:4      | Reached XP level 6. HP: 14/57 MP: 6/6
   532 | D:4      | Killed Natasha
   561 | D:4      | Found a stormy altar of Qazlal.
   563 | D:4      | Found a shadowy altar of Dithmenos.
   591 | D:4      | Noticed Natasha
   603 | D:4      | Killed Natasha
   603 | D:4      | Reached skill level 5 in Axes
   681 | D:4      | Reached XP level 7. HP: 51/63 MP: 5/5
   776 | D:4      | Noticed Natasha
   779 | D:4      | Killed Natasha
   995 | D:4      | Found a runed door.
  1186 | D:4      | Noticed Crazy Yiuf
  1189 | D:4      | Killed Crazy Yiuf
  1243 | D:5      | Entered Level 5 of the Dungeon
  1250 | D:5      | Found Hahawko's Antique Weapon Shoppe.
  1258 | D:5      | Reached skill level 5 in Armour
  1258 | D:5      | Reached skill level 5 in Shields
  1304 | D:5      | Reached skill level 6 in Axes
  1445 | D:5      | Reached XP level 8. HP: 30/73 MP: 6/6
  1755 | D:5      | Found a staircase to the Ecumenical Temple.
  1837 | Temple   | Entered the Ecumenical Temple
  1985 | Temple   | Became a worshipper of Makhleb the Destroyer
  2075 | D:6      | Found an ornate altar of the Wu Jian Council.
  2099 | D:6      | Found a shattered altar of Ashenzari.
  2156 | D:6      | Found Zin's Purification Station.
  2157 | D:6      | Found a glowing silver altar of Zin.
  2166 | D:6      | Bought a potion of curing for 90 gold pieces
  2245 | D:6      | Reached skill level 1 in Invocations
  2578 | D:8      | Noticed a hippogriff
  2595 | D:8      | Killed a hippogriff
  2595 | D:8      | Reached skill level 7 in Axes
  2855 | D:8      | Reached * piety under Makhleb
  2855 | D:8      | Reached skill level 5 in Fighting
  2879 | D:8      | Noticed a hippogriff
  2885 | D:8      | Killed a hippogriff
  2885 | D:8      | Gained mutation: You passively map the area around you. [Deep Dwarf growth]
  2885 | D:8      | Reached XP level 9. HP: 55/81 MP: 7/9
  3124 | D:8      | Reached skill level 5 in Dodging
  3329 | D:9      | Reached skill level 8 in Axes
  3386 | D:9      | Found a basalt altar of Yredelemnul.
  3615 | D:9      | HP: 3/81 [steam dragon/ball of steam (10)]
  3636 | D:9      | Noticed a troll
  3650 | D:9      | Killed a troll
  3808 | D:9      | Reached skill level 9 in Axes
  3907 | D:10     | Entered Level 10 of the Dungeon
  3919 | D:10     | Reached ** piety under Makhleb
  3922 | D:10     | Reached XP level 10. HP: 44/91 MP: 8/8
  3932 | D:10     | Reached skill level 5 in Invocations
  4346 | D:10     | Found a burning altar of Makhleb.
  4795 | D:11     | Noticed a tengu warrior
  4803 | D:11     | Noticed a centaur warrior
  4804 | D:11     | Noticed a death knight
  4814 | D:11     | Killed a tengu warrior
  4821 | D:11     | Noticed a white ugly thing
  4825 | D:11     | Noticed a cyan ugly thing
  4829 | D:11     | Noticed a cyclops
  4833 | D:11     | Noticed a two-headed ogre
  4833 | D:11     | HP: 1/91 [death knight/vampiric glaive (15)]
  4834 | D:11     | Noticed a five-headed hydra
  4839 | D:11     | Killed a cyan ugly thing
  4839 | D:11     | Reached skill level 10 in Axes
  4841 | D:11     | Killed a death knight
  4849 | D:11     | Shot with an arrow by a centaur warrior

Skill      XL: |  1  2  3  4  5  6  7  8  9 10 |
---------------+-------------------------------+-----
Dodging        | 1 2 3 4 5 6 |  6.1
Fighting       | 3 4 5 6 |  6.5
Axes           | 3 4 5 6 7 9 10 | 10.3
Armour         | 4 5 6 7 8 |  8.0
Shields        | 4 5 6 7 8 |  8.0
Invocations    | 2 4 6 |  6.5

Action                   |  1- 3 |  4- 6 |  7- 9 | 10-12 || total
-------------------------+-------+-------+-------+-------++-------
Melee: War axe           |    69 |    49 |   446 |   181 ||   745
 Abil: Heal Wounds       |       |     4 |    23 |     7 ||    34
  Use: Potion            |       |     1 |     1 |     1 ||     3
       Scroll            |       |     5 |     6 |       ||    11
  Eat: Chunk             |       |       |    11 |       ||    11
       Ration            |       |       |       |     1 ||     1
Armor: Scale mail        |    29 |    18 |   152 |    20 ||   219
       Plate armour      |       |       |       |    63 ||    63
Dodge: Dodged            |    22 |    16 |   179 |    85 ||   302
Block: Shield            |    38 |    22 |   275 |    74 ||   409
       Large shield      |       |       |       |   114 ||   114

Vault maps used:
D:1:      dpeg_arrival_round_c, minmay_misc_feat_plants
D:2:      uniq_terence
D:3:      overflow_temple_1_default, elyvilon_altar_5, portal_sewer_entry_c
D:4:      chequers_temple_overflow_statue_of_worship, uniq_crazy_yiuf_cottage,
          uniq_natasha
D:5:      minmay_temple_entry_statues, first_ration, serial_shops,
          nicolae_shop_trees
D:6:      kennysheep_little_box, zin_purify, ashenzari_conservatory_becter
D:7:      serial_shops, nicolae_shop_behind_doors, uniq_duvessa
D:9:      lemuel_mausoleum_altar_yredelemnul, grunt_pizzeria
D:10:     basic_altar
D:11:     minmay_the_grid_square_5x5_5x5_mashed, uniq_gastronok
Temple:   dpeg_chambers_temple
Sewer:    sewer_kobolds
